Map: Acropolis LE

Players

PitchBlack - Winner!

  • Race: Zerg Zerg
  • League: Diamond
  • Spawn Location: 11:00

Skitter

  • Race: Zerg Zerg
  • League: Diamond
  • Spawn Location: 5:00

VOD

Have the link to the VOD?

Description

Time

  • Played on: Sept. 2, 2019, 9:32 p.m.
  • Length: 16:48
Show
View Real Time Build Order
Export as new Build Order

PitchBlack Zerg - Winner!

Build Orders: Pool First, Lurkers, Zergling Baneling 

Get SALT Encoding   

  12  0:01  Drone  
  13  0:12  Overlord  
  13  0:17  Drone  
  14  0:31  Drone x2  
  14  0:34  Drone  
  17  0:46  Spawning Pool  
  17  0:48  Drone  
  17  0:56  Drone  
  18  1:12  Hatchery  
  18  1:14  Extractor  
  18  1:16  Drone  
  17  1:19  Drone  
  18  1:28  Drone  
  19  1:33  Queen  
  19  1:39  Overlord  
  21  1:53  Zergling x2  
  22  2:04  Drone  
  23  2:08  Queen  
  23  2:12  Drone  
  26  2:16  Metabolic Boost  
  26  2:25  Drone  
  26  2:26  Drone  
  28  2:34  Zergling x2  
  29  2:38  Drone  
  29  2:42  Overlord  
  29  2:43  Drone x2  
  32  2:46  Drone  
  32  2:50  Drone  
  34  2:51  Baneling Nest  
  34  2:56  Drone  
  34  3:17  Hatchery, Drone  
  34  3:19  Drone, Overlord  
  35  3:20  Drone x4  
  35  3:22  Drone  
  35  3:24  Drone  
  41  3:30  Drone x2  
  43  3:39  Extractor  
  43  3:40  Baneling x3  
  42  3:42  Zergling x4  
  42  3:47  Zergling x2  
  44  3:56  Zergling x4  
  44  4:00  Zergling x2  
  40  4:05  Zergling x4  
  37  4:12  Baneling x5  
  37  4:13  Queen  
  39  4:19  Zergling x4  
  41  4:24  Baneling  
  41  4:28  Zergling x4  
  41  4:29  Baneling  
  41  4:40  Zergling x6  
  41  4:42  Baneling x2  
  35  5:01  Zergling x2  
  35  5:02  Zergling x8  
  39  5:08  Baneling  
  39  5:09  Baneling x2  
  39  5:16  Zergling x8  
  39  5:17  Baneling  
  38  5:21  Baneling  
  38  5:31  Queen  
  34  5:56  Zergling x2  
  35  5:57  Zergling x20  
  43  6:08  Drone x3  
  43  6:09  Drone x2  
  41  6:24  Zergling x2  
  41  6:25  Baneling x2  
  41  6:28  Zergling x2  
  42  6:36  Drone x3  
  42  6:37  Drone x2  
  42  6:39  Baneling x2  
  47  6:40  Baneling x2  
  46  6:52  Zergling x2  
  46  6:53  Zergling x12  
  46  7:10  Drone x4, Roach Warren  
  46  7:11  Drone x2  
  51  7:17  Queen  
  53  7:24  Lair  
  53  7:25  Evolution Chamber  
  52  7:30  Overlord  
  52  7:32  Drone x2  
  54  7:41  Drone  
  55  7:44  Drone  
  55  7:45  Extractor  
  55  7:46  Drone x2  
  55  7:47  Drone  
  55  7:49  Drone x3  
  55  7:50  Overlord  
  61  8:06  Drone x3, Overlord  
  68  8:12  Roach  
  68  8:13  Roach x3  
  68  8:16  Roach  
  68  8:19  Overlord x2  
  74  8:29  Roach  
  74  8:30  Roach x3  
  74  8:31  Overlord  
  78  8:46  Roach x5  
  78  8:50  Roach  
  78  8:55  Roach  
  75  8:58  Roach  
  75  9:01  Roach  
  78  9:03  Glial Reconstitution  
  78  9:08  Zerg Missile Weapons Level 1  
  78  9:12  Queen  
  78  9:15  Overlord  
  80  9:17  Drone x2  
  80  9:19  Drone  
  80  9:20  Drone x2  
  80  9:23  Overlord  
  85  9:25  Drone  
  86  9:36  Zergling x6  
  89  9:42  Queen  
  89  9:43  Drone  
  89  9:44  Drone x2, Overlord  
  94  9:46  Overlord  
  94  9:47  Roach  
  94  9:48  Roach  
  94  9:52  Roach x2  
  102  9:54  Roach  
  102  9:56  Roach  
  102  9:58  Roach  
  107  10:15  Roach x3  
  107  10:16  Roach x2  
  107  10:18  Roach  
  107  10:20  Roach  
  119  10:24  Extractor  
  119  10:26  Drone, Roach  
  119  10:27  Roach  
  119  10:28  Hatchery, Hydralisk Den, Roach  
  122  10:31  Roach  
  111  10:45  Roach  
  111  10:46  Roach x5  
  111  10:49  Drone  
  126  10:57  Drone x6  
  126  10:58  Drone  
  130  11:15  Roach x3  
  118  11:19  Roach x5  
  118  11:20  Roach x2  
  118  11:22  Roach  
  118  11:26  Roach  
  118  11:27  Roach  
  118  11:31  Drone  
  113  11:34  Zerg Missile Weapons Level 2  
  113  11:44  Drone  
  113  11:46  Drone x3, Extractor  
  113  11:47  Roach x2  
  122  11:54  Roach  
  122  12:05  Hatchery  
  121  12:08  Drone  
  121  12:10  Drone x3, Extractor  
  121  12:11  Drone x2  
  121  12:15  Lurker Den  
  125  12:20  Drone  
  126  12:23  Overlord  
  126  12:24  Roach x6  
  138  12:33  Overseer  
  138  12:50  Drone x5  
  138  12:51  Drone x3, Overlord x2  
  146  12:52  Overlord  
  146  13:06  Overlord  
  146  13:13  Hydralisk x6  
  146  13:14  Hydralisk x3  
  164  13:23  Overlord x2  
  164  13:36  Drone x2  
  166  13:41  Lurker  
  166  13:42  Lurker x7  
  166  13:44  Lurker  
  175  13:53  Roach x6  
  175  13:55  Roach  
  189  13:56  Roach  
  189  13:58  Roach  
  189  14:00  Roach  
  189  14:01  Roach  
  199  14:03  Roach  
  159  14:25  Roach x7  
  159  14:26  Roach x8  
  159  14:30  Roach x2  
  159  14:31  Roach  
  195  14:32  Roach  
  195  14:33  Roach  
  195  14:36  Overseer  
  199  14:45  Extractor  
  198  14:48  Grooved Spines, Extractor  
  197  15:11  Roach x4  
  197  15:12  Roach  
  189  15:15  Roach x4  
  189  15:19  Roach x6  
  142  15:44  Drone x4  
  142  15:45  Drone x6  
  142  15:46  Drone  
  142  15:48  Drone x4  
  142  15:49  Drone  
  158  15:54  Overseer  
  158  15:55  Overseer x2  
  158  15:56  Drone x2  
  160  16:00  Queen  
  160  16:01  Queen  
  164  16:10  Drone x3  
  168  16:11  Drone x3  
  168  16:14  Roach x2  
  174  16:22  Hydralisk  
  174  16:23  Hydralisk  
  178  16:32  Drone x2  
  180  16:33  Drone x3  
Show
View Real Time Build Order
Export as new Build Order

Skitter Zerg 

Build Orders: Hatch First, Lurkers, Zergling Baneling 

Get SALT Encoding   

  12  0:00  Drone  
  13  0:12  Overlord  
  13  0:17  Drone  
  14  0:31  Drone x2  
  16  0:40  Drone  
  17  0:54  Drone  
  17  0:55  Hatchery  
  17  1:08  Spawning Pool  
  17  1:11  Drone  
  17  1:14  Extractor  
  17  1:15  Drone  
  17  1:25  Drone  
  18  1:33  Drone  
  19  1:41  Overlord  
  19  2:02  Zergling x4  
  21  2:09  Queen x2  
  21  2:10  Drone  
  21  2:15  Metabolic Boost  
  26  2:17  Drone  
  27  2:29  Drone x3  
  30  2:39  Baneling Nest  
  30  2:41  Drone x2  
  30  2:44  Overlord  
  31  2:57  Zergling x4  
  33  3:09  Zergling x2  
  33  3:10  Zergling x2  
  35  3:21  Zergling x6  
  35  3:22  Zergling x4  
  35  3:23  Zergling x6  
  43  3:32  Baneling  
  43  3:33  Baneling x3  
  43  3:35  Zergling x2  
  43  3:36  Overlord  
  42  4:02  Zergling x2  
  41  4:03  Zergling x16  
  41  4:07  Zergling x4  
  45  4:18  Zergling x4  
  47  4:27  Baneling x4  
  47  4:30  Zergling x2  
  47  4:31  Zergling x2  
  36  4:50  Zergling x14  
  41  4:54  Baneling x2  
  41  4:55  Baneling x2  
  40  5:03  Zergling x4  
  39  5:17  Zergling x6  
  39  5:18  Zergling x6  
  40  5:36  Drone x4  
  40  5:37  Extractor  
  42  5:45  Zergling x8  
  45  5:50  Roach Warren  
  45  5:54  Baneling x2  
  45  5:55  Baneling x4  
  39  6:20  Zergling x2  
  39  6:21  Zergling x16  
  39  6:23  Zergling x2  
  48  6:30  Roach  
  47  6:33  Zergling x2  
  47  6:37  Zergling x6  
  51  6:40  Baneling x2  
  49  6:51  Roach  
  49  6:52  Overlord x2  
  51  6:59  Baneling  
  42  7:10  Roach  
  42  7:11  Roach x9  
  61  7:20  Zergling x2  
  62  7:29  Roach x2  
  66  7:40  Hatchery  
  65  7:44  Baneling x2  
  65  7:45  Roach  
  65  7:47  Overlord x2  
  65  7:51  Extractor  
  66  7:56  Lair  
  65  8:02  Roach  
  65  8:03  Roach  
  68  8:07  Drone x6  
  68  8:10  Evolution Chamber  
  73  8:19  Drone x5  
  78  8:30  Queen  
  78  8:31  Roach  
  82  8:45  Roach  
  82  8:46  Roach x2  
  82  8:47  Drone x2  
  82  8:50  Drone x3  
  63  9:10  Glial Reconstitution, Zerg Missile Weapons Level 1  
  63  9:12  Roach x5  
  63  9:16  Roach  
  75  9:24  Roach x2  
  78  9:42  Roach x5  
  78  9:43  Overlord x2  
  88  9:52  Extractor  
  87  9:55  Roach  
  87  9:56  Overlord x2  
  89  10:02  Hydralisk Den  
  89  10:04  Drone x4  
  92  10:09  Baneling x7  
  92  10:16  Roach x2  
  96  10:22  Roach x2  
  96  10:27  Roach x2  
  102  10:42  Roach x5, Overlord  
  110  10:48  Roach x2  
  114  10:57  Extractor  
  113  10:58  Extractor  
  112  11:06  Roach  
  112  11:07  Roach x6  
  124  11:17  Roach x4  
  116  11:24  Roach x2  
  96  11:35  Roach  
  96  11:36  Roach x3  
  104  11:43  Drone x5  
  109  11:56  Lurker Den, Zerg Missile Weapons Level 2  
  109  11:58  Drone  
  99  12:03  Queen  
  99  12:07  Roach x2  
  99  12:08  Roach  
  105  12:10  Drone  
  106  12:17  Overlord  
  106  12:18  Overlord  
  106  12:41  Hatchery  
  103  12:48  Hydralisk x2  
  103  12:49  Hydralisk x5  
  103  12:51  Overlord  
  117  12:59  Drone  
  117  13:03  Drone  
  119  13:05  Drone  
  119  13:06  Drone x2  
  119  13:09  Drone  
  119  13:10  Drone x3  
  126  13:13  Ravager  
  126  13:14  Ravager  
  128  13:32  Lurker x4  
  128  13:34  Lurker  
  133  13:51  Infestation Pit  
  133  13:52  Lurker x2  
  134  13:58  Roach, Overlord  
  134  13:59  Zergling x40  
  156  14:06  Hydralisk x2  
  128  14:28  Hydralisk  
  128  14:29  Hydralisk x8  
  146  14:32  Overseer  
  146  14:45  Lurker  
  147  14:46  Drone  
  147  14:47  Drone x8  
  147  14:52  Overseer  
  142  15:06  Roach x7  
  117  15:14  Overseer  
  117  15:15  Overseer  
  96  15:28  Roach  
  96  15:29  Roach x5  
  103  15:36  Roach x2  
  103  15:42  Roach x2  
  108  15:48  Roach  
  108  15:49  Roach  
  104  16:01  Roach x3  
  112  16:29  Hatchery  
Tags
 
Add a new tag
Caveats
  • Supply blocks, unpowered buildings, or Contaminate may cause inaccurate times.
  • Supply counts are checked every 10 seconds.